 Dungeon Crawl Stone Soup version 0.26.0-5-gb5863c6483 (webtiles) character file.

Game seed: 12288895805005352805

56 Gauvater the Firebug (level 3, 0/22 HPs)
             Began as an Octopode Fire Elementalist on Jan 10, 2021.
             Slain by a quokka (2 damage)
             ... on level 2 of the Dungeon.
             The game lasted 00:08:49 (2327 turns).

Gauvater the Firebug (Octopode Fire Elementalist)   Turns: 2327, Time: 00:08:49

Health: 0/22       AC:  1    Str:  7    XL:     3   Next: 97%
Magic:  3/6        EV: 13    Int: 18    God:
Gold:   43         SH:  0    Dex: 12    Spells: 5/6 levels left

rFire    . . .     SeeInvis .   f - +0 dagger
rCold    . . .     Faith    .   (no shield)
rNeg     . . .     Spirit   .   (helmet restricted)
rPois    .         Reflect  .   (no amulet)
rElec    .         Harm     .   (no ring)
rCorr    .         Rampage  .   (no ring)
Will     .....                  (no ring)
Stlth    +++.......             (no ring)
HPRegen  0.07/turn              (no ring)
MPRegen  0.10/turn              (no ring)
                                (no ring)
                                (no ring)

@: attractive
A: almost no armour, stealthy swim, amphibious, 8 rings, constrict 8, camouflage
1, gelatinous body 1
a: no special abilities


You were on level 2 of the Dungeon.
You visited 1 branch of the dungeon, and saw 2 of its levels.

You collected 43 gold pieces.

Inventory:

Hand Weapons
 f - a +0 dagger (weapon)
Missiles
 a - 106 stones
Scrolls
 b - 2 scrolls of remove curse {unknown}
 e - a scroll of identify {unknown}


   Skills:
 * Level 0.7 Fighting
 + Level 2.5 Dodging
 + Level 3.1 Stealth
 + Level 0.2 Unarmed Combat
 + Level 2.3 Spellcasting
 + Level 1.4 Conjurations
 + Level 3.6 Fire Magic


You had 5 spell levels left.
You knew the following spells:

 Your Spells              Type           Power        Failure   Level
a - Foxfire               Conj/Fire      44%          6%          1

Your spell library contained the following spells:

 Spells                   Type           Power        Failure   Level
 Conjure Flame            Conj/Fire      11%          19%         3
 Inner Flame              Hex/Fire       8%           26%         3
 Sticky Flame             Conj/Fire      11%          52%         4
 Fireball                 Conj/Fire      5%           86%         5


Dungeon Overview and Level Annotations

Branches:
Dungeon (2/15)

Altars:


Innate Abilities, Weirdness & Mutations

You cannot wear most types of armour.
You are very stealthy in the water. (Stealth+)
You are amphibious.
You can wear up to eight rings at the same time.
You can use your tentacles to constrict eight enemies at once.
Your skin changes colour to match your surroundings (Stealth+).
Your rubbery body absorbs attacks. (AC +1, EV +1)


Message History

Confirm with . or Enter, or press ? or * to list all spells.
You conjure some foxfire!
The jackal completely misses you.
The foxfire hits the quokka.
The quokka is lightly wounded.
The jackal bites you but does no damage.
The foxfire hits the jackal.
The jackal is severely wounded.
Casting: Foxfire (safe; 6% risk of failure)
Confirm with . or Enter, or press ? or * to list all spells.
You conjure some foxfire!
The jackal barely misses you.
Your foxfire dissipates!
The foxfire hits the jackal.
You kill the jackal!
Casting: Foxfire (safe; 6% risk of failure)
Confirm with . or Enter, or press ? or * to list all spells.
You conjure some foxfire!
The quokka bites you.
* * * LOW HITPOINT WARNING * * *
Your foxfire dissipates!
The quokka bites you.
You die...

#..# #..# ##.#
#(.# #.# #..#
#.## #..# ###..#
#..#
#....######..#
#.##†........# #
#h##...####r##.#
####.##...#
#@...#
#..h..#.#.#
#.##....#
#h#####.#.# #.#
#### #.# #.#.#
#.# ###h#
#.#.####.##
h.r.#
#.#...r...#
#####
#.#..###.## ##.#
#.# #.# #.#


You could see a quokka.

Vanquished Creatures
  2 adders (D:2)
  2 leopard geckos
  2 ball pythons
  2 giant cockroaches (D:1)
  A goblin (D:1)
  4 hobgoblins (D:1)
  4 jackals (D:2)
  5 bats (D:1)
  2 frilled lizards
  7 kobolds
  5 rats
36 creatures vanquished.

Vanquished Creatures (others)
  79 foxfires
79 creatures vanquished.

Grand Total: 115 creatures vanquished

Notes
Turn   | Place    | Note
-------+----------+-------------------------------------------
     0 | D:1      | Gauvater the Octopode Fire Elementalist began the quest for
                  | the Orb.
     0 | D:1      | Reached XP level 1. HP: 11/11 MP: 3/3
   597 | D:1      | Reached XP level 2. HP: 7/17 MP: 1/5
  1744 | D:1      | Reached XP level 3. HP: 19/21 MP: 4/6
  2304 | D:2      | HP: 1/22 [jackal (3)]
  2327 | D:2      | Slain by a quokka

Illustrated notes

Levels and vault maps discovered:
D:1:      dpeg_arrival_stone_temple_mockup, layout_basic, serial_rivers,
          chequers_serial_rivers_small_a, chequers_serial_rivers_micro_c,
          chequers_serial_rivers_room_a, chequers_serial_rivers_micro_c
D:2:      layout_basic

Skill      XL: |  1  2  3 |
---------------+----------+-----
Stealth        | 3 |  3.1
Fighting       | |  0.7
Dodging        | |  2.5
Unarmed Combat | |  0.2
Spellcasting   | |  2.3
Conjurations   | |  1.4
Fire Magic     | |  3.6

Action                   || total
-------------------------++-------
Melee: Unarmed           ||    33
       Constrict         ||    15
       Tentacles         ||     5
       Dagger            ||     7
 Cast: Foxfire           ||    59
  Use: Potion            ||     3
 Stab: Sleeping          ||     1
Armor: Skin              ||    19
Dodge: Dodged            ||   118
